 Dungeon Crawl Stone Soup version 0.31-a0-202-g547052bce9 (webtiles) character file.

Game seed: 4897807190662470798

93 qw the Shooter (level 4, -3/25 HPs)
             Began as a Deep Elf Hunter on June 26, 2023.
             Slain by Terence
             ... wielding a +0 trident
              (6 damage)
             ... on level 2 of the Dungeon.
             The game lasted 00:00:35 (1482 turns).

qw the Shooter (Deep Elf Hunter)                    Turns: 1482, Time: 00:00:36

Health: -3/25      AC:  6    Str: 10    XL:     4   Next: 37%
Magic:  6/6        EV:  9    Int: 14    God:
Gold:   222        SH:  0    Dex: 18    Spells: 3/3 levels left

rFire   . . .        Y - +0 shortbow
rCold   . . .        (shield currently unavailable)
rNeg    . . .        d - +0 scale mail
rPois   .            (no helmet)
rElec   .            (no cloak)
rCorr   .            (no gloves)
SInv    .            (no boots)
Will    .....        (no amulet)
Stlth   +            (no ring)
HPRegen 0.24/turn    (no ring)
MPRegen 0.10/turn

%: no passive effects
@: no status effects
A: no striking features
a: no special abilities


You were on level 2 of the Dungeon.
You visited 1 branch of the dungeon, and saw 2 of its levels.

You collected 222 gold pieces.


   Skills:
 - Level 1.5 Fighting
 + Level 7.8 Ranged Weapons
 - Level 2.4 Dodging
 - Level 1.2 Stealth


You had 3 spell levels left.
You didn't know any spells.
Your spell library was empty.

Inventory:

Hand Weapons
 Y - a +0 shortbow (weapon)
Armour
 d - a +0 scale mail (worn)
 f - a +0 ring mail
 g - a +1 pair of gloves
Jewellery
 b - a +4 ring of slaying {mikee}
Scrolls
 a - 2 scrolls of identify {unknown}
 c - a scroll of immolation {unknown}
Potions
 e - 2 potions of curing
 h - a potion of heal wounds {unknown}
 i - 4 potions of degeneration {unknown}

Dungeon Overview and Level Annotations

Branches:
Dungeon (2/15)

Altars:

Annotations:
D:2 Terence


Message History

The arrow hits Terence but does no damage.
You shoot an arrow. The arrow hits Terence.
Terence is moderately wounded.
Terence drinks a potion.
Terence seems to speed up.
Terence closely misses you.
You shoot an arrow.
The arrow hits Terence but does no damage.
Terence is moderately wounded.
Terence hits you from afar with a +0 trident. x2
You shoot an arrow.
The arrow hits Terence but does no damage.
Terence is moderately wounded.
Terence hits you from afar with a +0 trident. x2
Enter note:
Enter note:
Enter note:
Enter note:
Enter note:
Enter note:
Enter note:
Enter note:
Enter note:
Enter note:
Enter note:
Enter note:
Enter note:
Enter note:
Enter note:
Enter note:
Enter note:
Enter note:
1480 ||| UPGRADING to +0 ring mail.
Terence hits you from afar with a +0 trident.
You stop removing your armour.
1481 ||| UPGRADING to +0 ring mail.
Terence hits you from afar with a +0 trident!
You stop removing your armour.
Terence hits you but does no damage.
1482 ||| UPGRADING to +0 ring mail.
Terence hits you from afar with a +0 trident.
You stop removing your armour.
You die...

####.####.#
#########.# #
........#.########. .#
..####........#.#.#
#.#
...<##.......#.#.#.#.#
..............#.#.#.#
.............#.#.#.#
..............#.#.#
.............#.#@#
..............#.#.#
......#####.##.#.#@#
......# #...#.#.#.#
......# ####.#.#.#.#
#####.# #.#.#.#.# #.#
#.#.#.#.# #####.#
######.. ......#


You could see Terence (fast).

Vanquished Creatures
  Jessica (D:2)
  3 adders (D:2)
  A worm (D:2)
  A dart slug (D:1)
  5 bats
  4 endoplasms (D:2)
  A giant cockroach (D:2)
  2 goblins
  4 hobgoblins
  4 kobolds
  4 ball pythons
  3 frilled lizards
  5 rats
38 creatures vanquished.

Notes
Turn   | Place    | Note
-------+----------+-------------------------------------------
     0 | D:1      | qw the Deep Elf Hunter began the quest for the Orb.
     0 | D:1      | Reached XP level 1. HP: 12/12 MP: 3/3
     0 | D:1      | 0 ||| qw: Version: 0.3-a-22-g0ed2b0b
     0 | D:1      | 0 ||| qw: Game counter: 6050
     0 | D:1      | 0 ||| qw: Melee chars always use a shield: true
     0 | D:1      | 0 ||| qw: God list: Okawaru
     0 | D:1      | 0 ||| qw: Allow faded altars: false
     0 | D:1      | 0 ||| qw: Do Orc after clearing Dungeon:15 true
     0 | D:1      | 0 ||| qw: Do second Lair branch before Depths: true
     0 | D:1      | 0 ||| qw: Lair rune preference: random
     0 | D:1      | 0 ||| qw: Goals: Normal
     0 | D:1      | 0 ||| PLANNING D:1-11
   175 | D:1      | Reached XP level 2. HP: 16/16 MP: 4/4
   209 | D:1      | Reached skill level 6 in Ranged Weapons
   634 | D:1      | 634 ||| UPGRADING to +0 scale mail.
   644 | D:1      | 644 ||| DROPPING +0 leather armour.
   645 | D:1      | 645 ||| READING 2 scrolls labelled MOAFEKE JELI.
   646 | D:1      | 646 ||| READING 2 scrolls labelled ADOAME TUTRU.
   647 | D:1      | 647 ||| READING scroll labelled MUC HIELENK.
   648 | D:1      | 648 ||| READING scroll labelled YLOTHR NENIUR.
   680 | D:1      | 680 ||| DRINKING 3 pink potions.
   681 | D:1      | 681 ||| DROPPING scroll of vulnerability.
   682 | D:1      | 682 ||| DROPPING scroll of butterflies.
   683 | D:1      | 683 ||| DROPPING scroll of revelation.
   761 | D:2      | Reached XP level 3. HP: 20/20 MP: 5/5
   870 | D:2      | Reached skill level 7 in Ranged Weapons
   965 | D:2      | Noticed Jessica
   967 | D:2      | 967 ||| FLEEEEING.
   968 | D:2      | Killed Jessica
   969 | D:2      | Reached XP level 4. HP: 19/25 MP: 6/6
  1474 | D:2      | Noticed Terence
  1480 | D:2      | 1480 ||| UPGRADING to +0 ring mail.
  1481 | D:2      | 1481 ||| UPGRADING to +0 ring mail.
  1481 | D:2      | HP: 3/25 [Terence/+0 trident (7)]
  1482 | D:2      | 1482 ||| UPGRADING to +0 ring mail.
  1482 | D:2      | Slain by Terence

Levels and vault maps discovered:
D:1:      dpeg_arrival_radiant, layout_loops_cross, minmay_misc_feat_five,
          minmay_crystal_water, minmay_misc_feat_secret_circle,
          bh_walls_and_bars
D:2:      layout_basic, minivault_23, minmay_gold_behind_fungi, uniq_terence,
          uniq_jessica

Skill      XL: |  1  2  3 |
---------------+----------+-----
Ranged Weapons | 6 7 |  7.8
Fighting       | |  1.5
Dodging        | |  2.4
Stealth        | |  1.2

Action                     |  1- 3 |  4- 6 || total
---------------------------+-------+-------++-------
   Fire: Shortbow          |    79 |    42 ||   121
    Use: Scroll            |     4 |       ||     4
         Potion            |     1 |       ||     1
 Armour: Scale mail        |    22 |     3 ||    25
         Leather armour    |     4 |       ||     4
  Dodge: Dodged            |    13 |     6 ||    19

Table legend:
 A = Non-vault XP
 B = Vault XP
 C = Vault XP percentage of total XP
 D = Non-vault monster count
 E = Vault monster count
 F = Vault count percentage of total count
                 A         B        C        D         E       F
            +---------+---------+-------+---------+---------+-------
      Total |      97 |      37 |  27.6 |      37 |       1 |   2.6
            +---------+---------+-------+---------+---------+-------
        D:1 |      21 |       0 |   0.0 |      12 |       0 |   0.0
        D:2 |      76 |      37 |  32.7 |      25 |       1 |   3.8
            +---------+---------+-------+---------+---------+-------
